 Dungeon Crawl Stone Soup version 0.18.1-50-g88ac8fd (webtiles) character file.

795 septik the Basher (level 7, -1/60 HPs)
             Began as a Minotaur Berserker on May 31, 2017.
             Was an Elder of Trog.
             Killed from afar by an orc wizard (3 damage)
             ... with a magic dart
             ... on level 5 of the Dungeon.
             The game lasted 00:11:53 (3167 turns).

septik the Basher (Minotaur Berserker)              Turns: 3167, Time: 00:11:54

Health: -1/60      AC:  7    Str: 27 (28) XL:     7   Next: 58%
Magic:  6/6        EV: 10    Int:  8 (9)  God:    Trog [****..]
Gold:   157        SH:  0    Dex:  5 (10) Spells: 0 memorised, 6 levels left

rFire  . . .     SeeInvis .     a - +0 mace
rCold  . . .     Gourm    .     v - +0 scale mail (curse)
rNeg   . . .     Faith    .     (no shield)
rPois  .         Spirit   .     (helmet restricted)
rElec  .         Dismiss  .     (no cloak)
rCorr  .         Reflect  .     (no gloves)
SustAt .         Harm     .     m - +0 pair of boots
MR     .....                    (no amulet)
Stlth  ..........               (no ring)
                                (no ring)

@: mighty, brilliant, exhausted, slowed, very slow, not resistant to hostile
enchantments, extremely unstealthy
A: retaliatory headbutt, horns 2
a: Berserk, Trog's Hand, Brothers in Arms, Burn Spellbooks, Renounce Religion


You were on level 5 of the Dungeon.
You worshipped Trog.
Trog was greatly pleased with you.
You were near starving.

You visited 1 branch of the dungeon, and saw 5 of its levels.

You collected 157 gold pieces.

Inventory:

Hand Weapons
 a - a +0 mace (weapon)
Missiles
 p - 119 stones (quivered)
Armour
 b - a +0 animal skin
 j - a +0 scale mail
 l - a +0 plate armour
 m - a +0 pair of boots (worn)
 r - a +0 chain mail
 v - a cursed +0 scale mail (worn)
Scrolls
 e - 2 scrolls of remove curse
 f - 8 scrolls of identify {unknown}
 h - a scroll of enchant armour {unknown}
 k - 3 scrolls of random uselessness {unknown}
 q - 2 scrolls of immolation {unknown}
 s - a scroll of recharging {unknown}
 u - a scroll of enchant weapon {unknown}
Potions
 g - a potion of might
 o - a potion of magic {unknown}
 t - a potion of agility {unknown}
Comestibles
 c - 9 bread rations
 n - a meat ration
 w - a royal jelly
 x - a slice of pizza


   Skills:
 + Level 4.7 Fighting
 * Level 10.3 Maces & Flails
 - Level 2.4 Armour
 - Level 2.1 Dodging


You had 6 spell levels left.
You didn't know any spells.

Dungeon Overview and Level Annotations

Branches:
Dungeon (5/15)
 Temple: D:4-7

Altars:
Kikubaaqudgha
Qazlal
Sif Muna
Trog


Innate Abilities, Weirdness & Mutations

You reflexively headbutt those who attack you in melee.
You have a pair of horns on your head.


Message History

The shadow imp hits you.
* * * LOW HITPOINT WARNING * * *
The orc wizard hits you with a dagger.
* * * LOW HITPOINT WARNING * * *
Drink which item? (? for menu, Esc to quit)
It was a potion of degeneration.
There was something very wrong with that liquid.
You feel weakened.
You feel dopey.
You feel clumsy.
The orc wizard casts a spell.
The orc wizard blinks!
The shadow imp barely misses you.
The orc wizard hits you but does no damage.
The phantom barely misses you.
Drink which item? (? for menu, Esc to quit)
It was a potion of brilliance.
You feel clever all of a sudden. The orc wizard casts a spell at you.
The magic dart hits you!
You die...

##.# #...# ##..
#.###.#.# ..# ##.
#.#...#.########..##
#######.
#.#.....##.........
........
#...§......## #...
##......
####.####....# #..#
#.##### # #.# ####.#
#..# # #.. ####.#
#.###†o# #.. #....#
#..Z5@# ##.. ..####
##..W### #.#... ###
#.....# #..... #
#....## ..##.. #
#.....# ......#
#........ ......
........... .....
###........... ....
..?#######.. ... #


You could see a phantom, an orc wizard, a shadow imp and a giant frog zombie.

Vanquished Creatures
  A sky beast (D:5)
  2 phantoms
  A quasit (D:5)
  2 orc priests
  2 orc wizards (D:5)
  A centaur skeleton (D:4)
  4 worker ants
  2 hound skeletons
  4 gnolls (D:3)
  5 adders
  An ooze (D:5)
  An adder zombie (D:5)
  4 worms
  2 dart slugs (D:1)
  8 giant geckos
  18 orcs
  4 bats
  2 giant cockroaches
  6 hobgoblins
  10 jackals
  7 kobolds
  2 quokkas
  3 ball pythons
  3 giant newts
  3 goblins
  9 rats
107 creatures vanquished.

Notes
Turn   | Place    | Note
--------------------------------------------------------------
     0 | D:1      | septik the Minotaur Berserker began the quest for the Orb.
     0 | D:1      | Reached XP level 1. HP: 19/19 MP: 0/0
    57 | D:1      | Reached skill level 4 in Maces & Flails
    94 | D:1      | Reached XP level 2. HP: 21/26 MP: 1/1
   429 | D:1      | Reached skill level 5 in Maces & Flails
   498 | D:1      | Reached ** piety under Trog
   498 | D:1      | Reached XP level 3. HP: 31/31 MP: 2/2
  1341 | D:2      | Reached XP level 4. HP: 39/39 MP: 3/3
  1399 | D:3      | Reached skill level 6 in Maces & Flails
  1666 | D:3      | You fall through a shaft for 2 floors!
  1666 | D:5      | Entered Level 5 of the Dungeon
  1670 | D:5      | Noticed a phantom
  1671 | D:5      | Noticed a sky beast
  1673 | D:5      | Reached XP level 5. HP: 45/45 MP: 4/4
  1674 | D:5      | Reached *** piety under Trog
  1676 | D:5      | Reached skill level 7 in Maces & Flails
  1678 | D:5      | Killed a sky beast
  1678 | D:5      | Reached skill level 8 in Maces & Flails
  1695 | D:5      | Killed a phantom
  1695 | D:5      | Reached XP level 6. HP: 32/51 MP: 5/5
  1868 | D:4      | Reached skill level 9 in Maces & Flails
  1927 | D:3      | Reached XP level 7. HP: 58/58 MP: 6/6
  2379 | D:4      | Found a stormy altar of Qazlal.
  2460 | D:4      | Reached **** piety under Trog
  2857 | D:4      | Found a bloodstained altar of Trog.
  2857 | D:4      | Found a deep blue altar of Sif Muna.
  3018 | D:4      | Found an ancient bone altar of Kikubaaqudgha.
  3119 | D:5      | Reached skill level 10 in Maces & Flails
  3165 | D:5      | HP: 1/60 [orc wizard/dagger (3)]
  3167 | D:5      | Killed from afar by an orc wizard

Skill      XL: |  1  2  3  4  5  6  7 |
---------------+----------------------+-----
Maces & Flails | 4 5 6 8 9 10 | 10.3
Fighting       | 4 |  4.7
Armour         | |  2.4
Dodging        | |  2.1

Action                   |  1- 3 |  4- 6 |  7- 9 || total
-------------------------+-------+-------+-------++-------
Melee: Mace              |    77 |    87 |    97 ||   261
       Headbutt          |     9 |    22 |    25 ||    56
Invok: Berserk           |       |     2 |     2 ||     4
       Trog's Hand       |       |     1 |       ||     1
       Burn Spellbooks   |       |       |     1 ||     1
  Use: Potion            |       |       |     3 ||     3
       Scroll            |       |       |     1 ||     1
 Stab: Sleeping          |     1 |       |       ||     1
  Eat: Chunk             |     1 |     3 |     6 ||    10
Armor: Animal skin       |     5 |       |       ||     5
       Scale mail        |    21 |    46 |    68 ||   135
Dodge: Dodged            |    38 |    67 |    72 ||   177
